cohdb
Replays
Latest Replays
All Replays
Popular Replays
Top Player Replays
Match Explorer
How It Works
Community
CoH3 Stats
Reddit
Sign in to upload your games and track your stats! →
Sign in with Steam
Match 45107742
Unlisted
Match 45107742
Overview
Messages
Build Orders
End
Royal Engineer Section
Construct Section Command Post
Selects Heavy Armor Battlegroup
Dingo Light Scout Car
Infantry Section
Infantry Section
Construct Platoon Command Post
6-pounder Anti-tank Gun Team
Selects Rigorous Vehicle Training
Humber Armored Car
CMP 15cwt Truck
ML 3-inch Mortar Team
Unlock Bishop Self-propelled Artillery
Bishop Self-propelled Artillery
Selects Forward Repair Assembly
Bishop Self-propelled Artillery
6-pounder Anti-tank Gun Team
Royal Engineer Section
Light Vehicle Training
Bishop Self-propelled Artillery
Zipo jsem Prase
Rageon
Pera
Herr Blautier
TBoR
EPHX_Valkyrion
0
0
Comments
sign in to comment!
No comments posted yet!